 Dungeon Crawl Stone Soup version 0.20-a0-1122-gb7cbeb9 (webtiles) character file.

578 Alarkh the Digger (level 7, 0/46 HPs)
             Began as a Demonspawn Earth Elementalist on May 14, 2017.
             Slain by a white imp (1 damage)
             ... summoned by Eustachio
             ... on level 5 of the Dungeon.
             The game lasted 00:05:56 (5714 turns).

Alarkh the Digger (Demonspawn Earth Elementalist)   Turns: 5714, Time: 00:05:57

Health: 0/46       AC:  2    Str:  8    XL:     7   Next: 13%
Magic:  3/14       EV: 12    Int: 19    God:
Gold:   187        SH:  0    Dex: 13    Spells: 5/16 levels left

rFire    x . .     SeeInvis .   D - +0 morningstar
rCold    + . .     Gourm    .   (no shield)
rNeg     . . .     Faith    .   c - +0 robe
rPois    .         Spirit   .   (no helmet)
rElec    .         Reflect  .   (no cloak)
rCorr    .         Harm     .   (no gloves)
MR       .....                  (no boots)
Stlth    ++........             (no amulet)
Regen    0.2/turn               h - ring of ice
MPRegen  0.2/turn               (no ring)

@: no status effects
A: talons 2, powered by pain 1
a: no special abilities


You were on level 5 of the Dungeon.
You were not hungry.

You visited 1 branch of the dungeon, and saw 5 of its levels.

You collected 187 gold pieces.

Inventory:

Hand Weapons
 f - a +0 whip
 q - a +0 hand axe of chopping
 y - a +0 hand axe of chopping
 D - a +0 morningstar (weapon)
Missiles
 E - 20 stones (quivered)
Armour
 c - a +0 robe (worn)
Jewellery
 h - a ring of ice (left hand)
Scrolls
 e - a scroll of identify
 i - a scroll of enchant armour {unknown}
 j - a scroll of magic mapping {unknown}
 k - a scroll of recharging {unknown}
 m - a scroll of amnesia {unknown}
 t - a scroll of enchant weapon {unknown}
 u - a scroll of remove curse {unknown}
 w - a scroll of immolation {unknown}
Potions
 a - 2 potions of magic {unknown}
 g - a potion of ambrosia
 n - a potion of heal wounds
 o - a potion of curing {unknown}
 s - 2 potions of lignification {unknown}
 v - a potion of agility {unknown}
 x - a potion of might {unknown}
 z - a potion of flight {unknown}
 A - a potion of berserk rage {unknown}
 B - a potion of mutation {unknown}
Books
 r - a book of Geomancy

   Spells                             Type                      Level
   a - Sandblast                      Earth                        1
   b - Passwall                       Transmutation/Earth          2
   c - Stone Arrow                    Conjuration/Earth            3
   d - Petrify                        Transmutation/Earth          4
   e - Lee's Rapid Deconstruction     Earth                        5
Comestibles
 b - 2 chunks of flesh
 d - 3 bread rations
 l - a royal jelly
 p - 2 meat rations
 C - a fruit


   Skills:
 - Level 1.7 Dodging
 - Level 1.7 Stealth
 + Level 5.2 Spellcasting
 - Level 0.8 Transmutations
 + Level 5.7 Earth Magic


You had 5 spell levels left.
You knew the following spells:

 Your Spells              Type           Power        Failure   Level  Hunger
a - Stone Arrow           Conj/Erth      ###...       11%         3    ##.....
b - Passwall              Tmut/Erth      ###.......   4%          2    #......
c - Sandblast             Erth           ####..       1%          1    None
d - Lee's Rapid Deconstr  Erth           ####......   32%         5    ######.


Dungeon Overview and Level Annotations

Branches:
Dungeon (5/15)             Temple (0/1) D:5

Altars:
Dithmenos
Elyvilon
Hepliaklqana
Trog
Xom

Annotations:
D:5 Eustachio, Pikel


Innate Abilities, Weirdness & Mutations

You have razor-sharp toenails.
You sometimes gain a little power by taking damage.


Message History

Eustachio blinks!
The bullfrog zombie barely misses you. The white imp gestures at you.
The puff of frost hits you! The bullfrog zombie hits you!
Eustachio hits you with a falchion. The white imp gestures at you.
The puff of frost hits you!
* * * LOW HITPOINT WARNING * * *
The bullfrog zombie barely misses you.
You hit Eustachio.
Eustachio is severely wounded.
Eustachio barely misses you.
The bullfrog zombie hits you but does no damage.
Eustachio hits you with a falchion.
* * * LOW HITPOINT WARNING * * *
The bullfrog zombie hits you.
* * * LOW HITPOINT WARNING * * *
The white imp hits you.
* * * LOW HITPOINT WARNING * * *
The white imp freezes you.
You die...

... #...... .......
#...... ....... #......
....... #......
.......##+##############
........................
#......................
#....@.................
#.....@Z............>..
######.5...............
#.ยง...............
#.................
+.................
#...............>.
##+###########+###
+#.#.#.#.#.#.....
#..........#.....


You could see Eustachio, a white imp and a bullfrog zombie.

Vanquished Creatures
  Sigmund (D:4)
  A slave (D:4)
  The ghost of Gorglomux the Sneak, an amateur VSAs (D:3)
  A hound (D:4)
  2 orc priests (D:4)
  A bullfrog skeleton (D:4)
  Terence (D:3)
  4 gnolls (D:3)
  7 adders
  A shadow imp (D:5)
  2 oozes
  3 worms
  3 dart slugs
  A leopard gecko (D:3)
  6 orcs
  6 giant cockroaches
  2 goblins
  5 hobgoblins
  4 jackals (D:4)
  5 kobolds
  A quokka (D:2)
  2 ball pythons
  10 bats
  7 frilled lizards
  12 rats
89 creatures vanquished.

Notes
Turn   | Place    | Note
-------+----------+-------------------------------------------
     0 | D:1      | Alarkh the Demonspawn Earth Elementalist began the quest for the Orb.
     0 | D:1      | Reached XP level 1. HP: 13/13 MP: 3/3
   194 | D:1      | Gained mutation: You have sharp toenails. [demonic ancestry]
   194 | D:1      | Reached XP level 2. HP: 19/19 MP: 0/5
   960 | D:1      | Gained mutation: You sometimes gain a little power by taking damage. [demonic ancestry]
   960 | D:1      | Reached XP level 3. HP: 17/24 MP: 3/6
  1533 | D:2      | Found a shimmering altar of Xom.
  1961 | D:2      | Found a shadowy altar of Dithmenos.
  1997 | D:2      | Reached XP level 4. HP: 30/30 MP: 4/8
  2957 | D:3      | Reached XP level 5. HP: 35/35 MP: 8/10
  3267 | D:3      | Noticed Terence
  3277 | D:3      | Killed Terence
  3451 | D:3      | Learned a level 2 spell: Passwall
  3455 | D:3      | Learned a level 3 spell: Stone Arrow
  3461 | D:3      | Learned a level 5 spell: Lee's Rapid Deconstruction
  3999 | D:4      | Noticed Sigmund
  4027 | D:3      | Noticed Gorglomux's ghost (amateur VSAs)
  4231 | D:3      | Killed Gorglomux's ghost
  4231 | D:3      | Gained mutation: You have razor-sharp toenails. [demonic ancestry]
  4231 | D:3      | Reached XP level 6. HP: 31/41 MP: 1/12
  4317 | D:4      | Killed Sigmund
  4317 | D:4      | Reached skill level 5 in Earth Magic
  4636 | D:4      | Reached skill level 5 in Spellcasting
  4636 | D:4      | Reached XP level 7. HP: 38/46 MP: 9/14
  4750 | D:5      | Entered Level 5 of the Dungeon
  4760 | D:5      | Found a white marble altar of Elyvilon.
  4760 | D:5      | Found a hazy altar of Hepliaklqana.
  4760 | D:5      | Found a bloodstained altar of Trog.
  4887 | D:5      | Found a staircase to the Ecumenical Temple.
  5014 | D:5      | Noticed Pikel
  5702 | D:5      | Noticed Eustachio
  5714 | D:5      | HP: 1/46 [white imp[Eustachio] (2)]
  5714 | D:5      | Slain by a white imp

Vault maps used:
D:1:      minmay_arrival_checkered_box, minmay_misc_feat_chi
D:2:      grunt_dithmenos_smoke_and_mirrors, nicolae_overflow_hidden_temple
D:3:      uniq_terence
D:4:      uniq_sigmund
D:5:      gammafunk_temple_overflow_claw, minmay_temple_entry_glassed_door,
          first_bread, dk_noncrumbling_4, st_stairs_9, uniq_pikel,
          uniq_eustachio

Skill      XL: |  1  2  3  4  5  6 |
---------------+-------------------+-----
Earth Magic    | 3 4 5 |  5.7
Spellcasting   | 3 4 5 |  5.2
Dodging        | |  1.7
Stealth        | |  1.7
Transmutations | |  0.8

Action                   |  1- 3 |  4- 6 |  7- 9 || total
-------------------------+-------+-------+-------++-------
Melee: Whip              |    14 |       |       ||    14
       Kick              |     5 |     2 |       ||     7
       Hand axe          |     2 |    16 |    12 ||    30
       Morningstar       |       |       |     4 ||     4
 Cast: Sandblast         |    62 |    70 |     7 ||   139
       Stone Arrow       |       |     3 |    19 ||    22
  Use: Scroll            |       |     2 |       ||     2
 Stab: Sleeping          |     1 |       |       ||     1
  Eat: Chunk             |     4 |     8 |     3 ||    15
       Fruit             |       |       |     1 ||     1
Armor: Robe              |    10 |     8 |     5 ||    23
Dodge: Dodged            |    32 |    20 |    31 ||    83
